 Dungeon Crawl Stone Soup version 0.31-a0-202-g547052bce9 (webtiles) character file.

Game seed: 14552646729027209787

38 qw the Shooter (level 3, 0/20 HPs)
             Began as a Deep Elf Hunter on June 26, 2023.
             Slain by a gnoll
             ... wielding a +0 flail
              (5 damage)
             ... on level 3 of the Dungeon.
             The game lasted 00:00:23 (1306 turns).

qw the Shooter (Deep Elf Hunter)                    Turns: 1306, Time: 00:00:25

Health: 0/20       AC:  5    Str: 10    XL:     3   Next: 25%
Magic:  5/5        EV: 11    Int: 13    God:
Gold:   139        SH:  0    Dex: 18    Spells: 2/2 levels left

rFire   . . .        Y - +0 shortbow
rCold   . . .        (shield currently unavailable)
rNeg    . . .        h - +0 ring mail
rPois   .            (no helmet)
rElec   .            (no cloak)
rCorr   .            (no gloves)
SInv    .            (no boots)
Will    .....        (no amulet)
Stlth   +            (no ring)
HPRegen 0.23/turn    (no ring)
MPRegen 0.09/turn

%: no passive effects
@: no status effects
A: no striking features
a: no special abilities


You were on level 3 of the Dungeon.
You visited 1 branch of the dungeon, and saw 3 of its levels.

You collected 139 gold pieces.


   Skills:
 - Level 1.5 Fighting
 + Level 6.8 Ranged Weapons
 - Level 2.4 Dodging
 - Level 1.2 Stealth


You had 2 spell levels left.
You didn't know any spells.
Your spell library was empty.

Inventory:

Hand Weapons
 Y - a +0 shortbow (weapon)
Armour
 h - a +0 ring mail (worn)
Scrolls
 a - 2 scrolls of identify
Potions
 d - a potion of heal wounds {unknown}
 g - a potion of resistance {unknown}

Dungeon Overview and Level Annotations

Branches:
Dungeon (3/15)

Altars:
Cheibriados

Annotations:
D:3 Natasha


Message History

You kill the ball python!
You start resting.
HP restored.
You see here a ball python corpse.
Found a stone staircase leading down.
a - 2 scrolls of identify (gained 1)
A gnoll and an endoplasm come into view.
Found a scroll of identify and a potion of brilliance.
Found a stone staircase leading down.
The gnoll shouts!
You hear a shout!
The endoplasm quivers.
Natasha, Servant of Life and Death comes into view.
A gnoll comes into view. It is wielding a +0 flail. x2
Natasha moves out of view.
You shoot an arrow. The arrow closely misses the gnoll.
The gnoll shouts!
The gnoll barely misses you. x2
1296 ||| Stepping ~*~*~tactically~*~*~ (outnumbered).
1298 ||| Stepping ~*~*~tactically~*~*~ (outnumbered).
1300 ||| Stepping ~*~*~tactically~*~*~ (outnumbered).
The gnoll attacks as you move away! The gnoll hits you with a +0 flail.
You shoot an arrow.
The arrow hits the gnoll but does no damage.
The gnoll hits you with a +0 flail.
You shoot an arrow. The arrow hits the gnoll.
The gnoll is moderately wounded.
The gnoll hits you but does no damage.
You shoot an arrow. The arrow hits the gnoll!
The gnoll is almost dead.
You shoot an arrow. The arrow hits the gnoll.
The gnoll is almost dead.
The gnoll hits you with a +0 flail.
Natasha mewls in sadness.
You shoot an arrow. The arrow completely misses the gnoll.
The endoplasm freezes you.
You are frozen.
The gnoll hits you with a +0 flail. The gnoll closely misses you.
The endoplasm hits you.
You shoot an arrow. The arrow closely misses the gnoll.
The gnoll hits you with a +0 flail.
You die...

...!......
. ........
#. .......
#.. .....
.. ....
#.##h#.h# #
#>?g..g#>#
###J#.#
#.@g..#
#.###.#.#.#
#.........#
#####.#.#.#
#.....#
###.###
#.#######
.#########
#........
..<......#
#.#######


You could see Natasha, 2 gnolls and an endoplasm.

Vanquished Creatures
  An adder (D:2)
  A dart slug (D:2)
  A bat (D:1)
  An endoplasm (D:2)
  2 giant cockroaches (D:2)
  4 hobgoblins
  3 ball pythons
  A frilled lizard (D:2)
  2 goblins
  6 kobolds
  3 rats
25 creatures vanquished.

Notes
Turn   | Place    | Note
-------+----------+-------------------------------------------
     0 | D:1      | qw the Deep Elf Hunter began the quest for the Orb.
     0 | D:1      | Reached XP level 1. HP: 12/12 MP: 3/3
     0 | D:1      | 0 ||| qw: Version: 0.3-a-22-g0ed2b0b
     0 | D:1      | 0 ||| qw: Game counter: 5839
     0 | D:1      | 0 ||| qw: Melee chars always use a shield: true
     0 | D:1      | 0 ||| qw: God list: Okawaru
     0 | D:1      | 0 ||| qw: Allow faded altars: false
     0 | D:1      | 0 ||| qw: Do Orc after clearing Dungeon:15 true
     0 | D:1      | 0 ||| qw: Do second Lair branch before Depths: true
     0 | D:1      | 0 ||| qw: Lair rune preference: random
     0 | D:1      | 0 ||| qw: Goals: Normal
     0 | D:1      | 0 ||| PLANNING D:1-11
   344 | D:1      | Reached XP level 2. HP: 16/16 MP: 4/4
   364 | D:1      | Reached skill level 6 in Ranged Weapons
   574 | D:1      | 574 ||| DROPPING scroll of butterflies.
   700 | D:2      | Found a snail-covered altar of Cheibriados.
   821 | D:2      | Reached XP level 3. HP: 9/20 MP: 5/5
  1175 | D:2      | 1175 ||| UPGRADING to +0 ring mail.
  1185 | D:2      | 1185 ||| DROPPING +0 leather armour.
  1186 | D:2      | 1186 ||| READING 3 scrolls labelled SEUBLE EMIE.
  1187 | D:2      | 1187 ||| READING scroll labelled MYLI PAJAO.
  1190 | D:2      | 1190 ||| READING scroll labelled PITIKU YH XYJE.
  1191 | D:2      | 1191 ||| DRINKING 2 fizzy ruby potions.
  1192 | D:2      | 1192 ||| DRINKING 2 golden potions.
  1193 | D:2      | 1193 ||| DRINKING potion of curing.
  1193 | D:2      | 1193 ||| (to cure confusion)
  1194 | D:2      | 1194 ||| READING 2 scrolls of identify.
  1194 | D:2      | 1194 ||| IDENTIFYING white potion
  1195 | D:2      | 1195 ||| DROPPING potion of brilliance.
  1196 | D:2      | 1196 ||| DROPPING potion of ambrosia.
  1294 | D:3      | Noticed Natasha
  1296 | D:3      | 1296 ||| Stepping ~*~*~tactically~*~*~ (outnumbered).
  1298 | D:3      | 1298 ||| Stepping ~*~*~tactically~*~*~ (outnumbered).
  1300 | D:3      | 1300 ||| Stepping ~*~*~tactically~*~*~ (outnumbered).
  1305 | D:3      | HP: 5/20 [endoplasm (1)]
  1306 | D:3      | Slain by a gnoll

Levels and vault maps discovered:
D:1:      psy_arrival_radial01, layout_basic
D:2:      layout_rooms, basic_altar
D:3:      layout_loops_ring, lemuel_coloured_pillars_altar, minivault_4,
          minmay_fractal_squares_gapless_5, uniq_natasha, uniq_ijyb

Skill      XL: |  1  2 |
---------------+-------+-----
Ranged Weapons | 6 |  6.8
Fighting       | |  1.5
Dodging        | |  2.4
Stealth        | |  1.2

Action                     || total
---------------------------++-------
   Fire: Shortbow          ||    79
    Use: Scroll            ||     4
         Potion            ||     3
 Armour: Leather armour    ||    14
         Ring mail         ||     2
  Dodge: Dodged            ||    27

Table legend:
 A = Non-vault XP
 B = Vault XP
 C = Vault XP percentage of total XP
 D = Non-vault monster count
 E = Vault monster count
 F = Vault count percentage of total count
                 A         B        C        D         E       F
            +---------+---------+-------+---------+---------+-------
      Total |      55 |       0 |   0.0 |      25 |       0 |   0.0
            +---------+---------+-------+---------+---------+-------
        D:1 |      18 |       0 |   0.0 |      12 |       0 |   0.0
        D:2 |      31 |       0 |   0.0 |       9 |       0 |   0.0
        D:3 |       6 |       0 |   0.0 |       4 |       0 |   0.0
            +---------+---------+-------+---------+---------+-------
